 Dungeon Crawl Stone Soup version 0.31.0-9-g3a7656b989 (webtiles) character file.

Game seed: 1670998742573927824

4 Colgate the Trooper (level 1, -2/18 HPs)
             Began as a Demonspawn Cinder Acolyte on Feb 2, 2024.
             Was a High Priest of Ignis.
             Slain by a goblin
             ... wielding a +0 club
              (4 damage)
             ... on level 1 of the Dungeon.
             The game lasted 00:00:16 (166 turns).

Colgate the Trooper (Demonspawn Cinder Acolyte)      Turns: 166, Time: 00:00:17

Health: -2/18      AC:  2    Str: 14    XL:     1   Next: 58%
Magic:  2/2        EV: 11    Int: 14    God:    Ignis [*****.]
Gold:   0          SH:  0    Dex:  8    Spells: 2/2 levels left

rFire   + . .        a - -1 spear (flame)
rCold   . . .        (no shield)
rNeg    . . .        b - +0 robe
rPois   .            (no helmet)
rElec   .            (no cloak)
rCorr   .            (no gloves)
SInv    .            (no boots)
Will    .....        (no amulet)
Stlth   +            (no ring)
HPRegen 0.23/turn    (no ring)
MPRegen 0.08/turn

%: no passive effects
@: no status effects
A: no striking features
a: Renounce Religion, Fiery Armour, Foxfire Swarm, Rising Flame


You were on level 1 of the Dungeon.
You worshipped Ignis.
Ignis was extremely pleased with you.
You visited 1 branch of the dungeon, and saw 1 of its levels.

Inventory:

Hand Weapons
 a - a -1 spear of flaming (weapon)
Armour
 b - a +0 robe (worn)
Scrolls
 c - a scroll of fog {unknown}
 d - a scroll of identify {unknown}


   Skills:
 - Level 3.0 Fighting
 + Level 3.0 Polearms
 - Level 1.0 Spellcasting
 - Level 2.6 Fire Magic


You had 2 spell levels left.
You didn't know any spells.
Your spell library contained the following spells:

 Spells                   Type           Power      Damage    Failure   Level
 Scorch                   Fire           16%        2d5       13%         2


Dungeon Overview and Level Annotations

Branches:
Dungeon (1/15)

Altars:


Message History

There are monsters nearby!
You are too injured to fight recklessly!
There are monsters nearby!
You are too injured to fight recklessly!
There are monsters nearby!
You are too injured to fight recklessly!
There are monsters nearby!
You are too injured to fight recklessly!
There are monsters nearby!
You are too injured to fight recklessly!
There are monsters nearby!
You are too injured to fight recklessly!
There are monsters nearby!
You are too injured to fight recklessly!
There are monsters nearby!
You are too injured to fight recklessly!
There are monsters nearby!
You are too injured to fight recklessly!
There are monsters nearby!
You are too injured to fight recklessly!
There are monsters nearby!
You are too injured to fight recklessly!
There are monsters nearby!
You are too injured to fight recklessly!
There are monsters nearby!
The quokka attacks as it pursues you! The quokka bites you.
* * * LOW HITPOINT WARNING * * *
You miss the quokka. Your punch misses the quokka. The quokka misses you.
You barely miss the quokka. The quokka closely misses you.
The quokka bites you.
* * * LOW HITPOINT WARNING * * *
You completely miss the quokka. The quokka bites you.
* * * LOW HITPOINT WARNING * * *
You hit the quokka. You burn the quokka. The quokka barely misses you.
You barely miss the quokka. The quokka closely misses you.
You hit the quokka. You burn the quokka.
You kill the quokka!
Your Polearms skill increases to level 3!
You barely miss the goblin. The goblin hits you with a +0 club.
You die...

............#
............#
............# #####
....(......$##. .#....
..............> .+....
............# .#....
.......B....# .#.... #g#
.#.... #@# .#....
######.##########.+....
#.......[......†..#....
######.###.#####.##.###
#########.# #.# #.##.###
#.........###.#####.##.##~
#......................#~P
#.........###.#####.##.##~
#........####.# #.##.##~


You could see a giant cockroach and a goblin.

Vanquished Creatures
  2 quokkas (D:1)
  2 ball pythons (D:1)
  A kobold (D:1)
5 creatures vanquished.

Notes
Turn   | Place    | Note
-------+----------+-------------------------------------------
     0 | D:1      | Colgate the Demonspawn Cinder Acolyte began the quest for
                  | the Orb.
     0 | D:1      | Reached XP level 1. HP: 18/18 MP: 2/2
   166 | D:1      | Slain by a goblin

Illustrated notes

Levels and vault maps discovered:
D:1:      ldierk_walled_garden_2, layout_basic, serial_shops, shop

Skill      XL: |  1 |
---------------+----+-----
Polearms       | 3 |  3.0
Fighting       | |  3.0
Spellcasting   | |  1.0
Fire Magic     | |  2.6

Action                     || total
---------------------------++-------
  Melee: Spear             ||    20
 Armour: Robe              ||    12
  Dodge: Dodged            ||     8
